 Dungeon Crawl Stone Soup version 0.30-a0-726-gd89dcf765f (webtiles) character file.

Game seed: 15387071145282293688

3066 jimonade the Slicer (level 9, -18/44 HPs)
             Began as a Vine Stalker Brigand on Jan 29, 2023.
             Demolished by a gnoll sergeant
             ... wielding the +9 halberd "Umiw" {elec, Contam rPois Dex+2}
              (19 damage)
             ... in a bailey.
             The game lasted 00:22:20 (6793 turns).

jimonade the Slicer (Vine Stalker Brigand)          Turns: 6793, Time: 00:22:21

Health: -18/44     AC: 10    Str: 13    XL:     9   Next: 88%
Magic:  0/12       EV: 14    Int: 11    God:
Gold:   802        SH:  0    Dex: 27    Spells: 8/8 levels left

rFire   . . .      SeeInvis .    b - +3 dagger (venom)
rCold   . . .      Faith    .    (no shield)
rNeg    . . .      Spirit   +    l - +0 ring mail
rPois   .          Reflect  .    N - +0 helmet
rElec   .          Harm     .    c - +0 cloak
rCorr   .          Rampage  .    B - +1 pair of gloves
Will    +....                    j - +0 pair of boots
Stlth   +++                      w - amulet of regeneration
HPRegen 1.87/turn                K - ring of flight
MPRegen 0.13/turn                F - +6 ring of dexterity

@: flying
A: fangs 3, regeneration 1, magic shield, antimagic bite, no potion heal 2
a: no special abilities


You were in a bailey.
You visited 1 branch of the dungeon, and saw 7 of its levels.
You also visited: Sewer and Bailey.

You collected 802 gold pieces.

Inventory:

Hand Weapons
 a - a +1 dagger of electrocution
 b - a +3 dagger of venom (weapon)
 t - a +2 dagger
 C - a +2 dagger of draining
Missiles
 d - 22 poisoned darts (quivered)
 e - 3 curare-tipped darts
 f - 6 boomerangs
 J - a throwing net
Armour
 c - a +0 cloak (worn)
 j - a +0 pair of boots (worn)
 l - a +0 ring mail (worn)
 p - a +0 scale mail of positive energy
 s - a +0 tower shield
 B - a +1 pair of gloves (worn)
 E - a +1 leather armour of cold resistance
 N - a +0 helmet (worn)
Jewellery
 n - a ring of positive energy
 w - an amulet of regeneration (around neck)
 F - a +6 ring of dexterity (right hand)
 K - a ring of flight (left hand)
Wands
 x - a wand of roots (11)
 y - a wand of polymorph (11)
 G - a wand of mindburst (6)
Scrolls
 h - 8 scrolls of teleportation
 i - 3 scrolls of identify
 k - 2 scrolls of enchant weapon
 m - a scroll of magic mapping
 q - 4 scrolls of fear
 A - 3 scrolls of vulnerability
 D - a scroll of enchant armour
 L - a scroll of blinking
Potions
 g - 2 potions of berserk rage
 o - a potion of magic
 r - 7 potions of curing
 u - a potion of brilliance {unknown}
 v - 3 potions of attraction
 z - a potion of might
 H - a potion of ambrosia
 I - a potion of flight
 M - a potion of lignification


   Skills:
 + Level 3.6 Fighting
 - Level 10.0 Short Blades
 - Level 1.7 Throwing
 * Level 4.3 Dodging
 + Level 6.2 Stealth
 * Level 3.8 Invocations


You had 8 spell levels left.
You didn't know any spells.
Your spell library contained the following spells:

 Spells                   Type           Power      Damage    Failure   Level
 Magic Dart               Conj           0%         1d3       61%         1
 Call Imp                 Summ           0%         N/A       75%         2
 Cigotuvi's Dreadful Rot  Necr/Pois/Air  0%         N/A       75%         2
 Ensorcelled Hibernation  Hex/Ice        0%         N/A       75%         2
 Passwall                 Tmut/Erth      0%         N/A       75%         2
 Poisonous Vapours        Pois/Air       0%         N/A       75%         2
 Sublimation of Blood     Necr           0%         N/A       75%         2
 Wereblood                Tmut           0%         N/A       75%         2
 Mephitic Cloud           Conj/Pois/Air  0%         N/A       93%         3
 Swiftness                Air            0%         N/A       93%         3
 Summon Hydra             Summ           0%         N/A       100%        7


Dungeon Overview and Level Annotations

Branches:
Dungeon (7/15)              Sewer (visited)          Bailey (1/1)
 Temple: D:4-7

Altars:
Gozag
Zin


Innate Abilities, Weirdness & Mutations

You have razor-sharp teeth.
Your natural rate of healing is unusually fast.
When hurt, damage is shared between your health and your magic reserves.
Your bite disrupts and absorbs the magic of your enemies.
Potions cannot restore your health.


Message History

You barely miss the gnoll sergeant.
The gnoll sergeant is lightly wounded.
You hit the gnoll sergeant but do no damage.
You punch the gnoll sergeant, but do no damage.
You bite the gnoll sergeant! You drain its power.
You feel invigorated.
The gnoll sergeant is heavily wounded.
The gnoll sergeant barely misses you.
You hit the gnoll sergeant but do no damage.
The gnoll sergeant is heavily wounded.
You hit the gnoll sergeant but do no damage.
You bite the gnoll sergeant, but do no damage.
The gnoll sergeant is heavily wounded.
The gnoll sergeant hits you with the +9 halberd "Umiw" {elec, Contam rPois Dex+2}.
You are electrocuted!
* * * LOW HITPOINT WARNING * * *
You hit the gnoll sergeant. You bite the gnoll sergeant. You drain its power.
You feel invigorated.
The gnoll sergeant is severely wounded.
You closely miss the gnoll sergeant. Your bite misses the gnoll sergeant.
The gnoll sergeant is severely wounded.
The gnoll sergeant hits you with the +9 halberd "Umiw" {elec, Contam rPois Dex+2}.
* * * LOW HITPOINT WARNING * * *
You hit the gnoll sergeant but do no damage.
You bite the gnoll sergeant, but do no damage.
The gnoll sergeant is severely wounded.
You hit the gnoll sergeant.
The gnoll sergeant is poisoned.
Your bite misses the gnoll sergeant.
The gnoll sergeant is almost dead.
The gnoll sergeant hits you with the +9 halberd "Umiw" {elec, Contam rPois Dex+2}!!
* * * LOW HITPOINT WARNING * * *
You hit the gnoll sergeant but do no damage.
You bite the gnoll sergeant, but do no damage.
The gnoll sergeant is almost dead.
You hit the gnoll sergeant but do no damage.
You bite the gnoll sergeant, but do no damage.
The gnoll sergeant is almost dead.
The gnoll sergeant hits you with the +9 halberd "Umiw" {elec, Contam rPois Dex+2}.
* * * LOW HITPOINT WARNING * * *
You are electrocuted!!
You die...

♣≈.##...#...#...##)≈♣
♣≈##....'...'....##≈♣
♣≈#.....#...#.....#≈♣
♣≈#8....##'##....8#≈♣
♣≈#....##...##....#≈♣
♣≈#...##)....##...#≈♣
♣≈#...#.......#...#≈♣
♣≈###'#...8...# ..#≈♣
♣≈#..@#.......# #≈♣
♣≈#..g##.....## #≈♣
♣≈#....##...## #≈♣
♣≈#8....##'## #≈♣
♣≈#.....#...# #≈♣
♣≈#####'#..)# ##≈♣
♣≈.# .#...# #.≈♣
♣≈.######'''######.≈♣
♣≈.................≈♣


You could see a gnoll sergeant (very poisoned).

Vanquished Creatures
  A water moccasin (D:6)
  An ice beast (D:7)
  6 wolves (Bailey)
  An ogre (D:4)
  A centaur (D:7)
  2 phantoms
  A kobold brigand (D:6)
  3 bullfrogs
  A scorpion (D:5)
  8 gnoll sergeants (Bailey)
  A howler monkey (D:6)
  2 jellies
  4 hounds
  An orc priest (D:3)
  3 iguanas
  Crazy Yiuf (D:4)
  6 gnoll boudas
  Ijyb (D:2)
  7 orc wizards
  23 gnolls
  10 adders
  3 river rats (D:5)
  2 shadow imps (D:6)
  2 ufetubi (D:4)
  4 worms
  A dart slug (D:5)
  15 orcs
  9 ball pythons
  5 endoplasms
  15 giant cockroaches
  20 goblins
  8 hobgoblins
  8 jackals
  6 quokkas
  5 bats
  9 frilled lizards
  13 kobolds
  5 rats
214 creatures vanquished.

Notes
Turn   | Place    | Note
-------+----------+-------------------------------------------
     0 | D:1      | jimonade the Vine Stalker Brigand began the quest for the
                  | Orb.
     0 | D:1      | Reached XP level 1. HP: 11/11 MP: 2/2
    20 | D:1      | Reached skill level 2 in Short Blades
    87 | D:1      | Reached XP level 2. HP: 15/15 MP: 3/3
   420 | D:1      | Reached skill level 3 in Short Blades
   546 | D:1      | Reached XP level 3. HP: 18/18 MP: 4/4
   911 | D:2      | Found a faded altar of an unknown god.
  1059 | D:2      | Noticed Ijyb
  1124 | D:2      | Killed Ijyb
  1125 | D:2      | Reached skill level 4 in Short Blades
  1125 | D:2      | Gained mutation: Your natural rate of healing is unusually
                  | fast. [Vine Stalker growth]
  1125 | D:2      | Reached XP level 4. HP: 2/23 MP: 2/5
  2055 | D:3      | Reached XP level 5. HP: 25/26 MP: 4/6
  2071 | D:3      | Reached skill level 5 in Short Blades
  2506 | D:4      | Reached XP level 6. HP: 30/30 MP: 7/7
  2548 | D:4      | Reached skill level 6 in Short Blades
  2702 | D:4      | Reached XP level 7. HP: 34/34 MP: 8/8
  2889 | D:4      | Reached skill level 7 in Short Blades
  3075 | D:4      | Found a runed translucent door.
  3076 | D:4      | Noticed Crazy Yiuf
  3085 | D:4      | Killed Crazy Yiuf
  3153 | D:5      | Entered Level 5 of the Dungeon
  3504 | D:5      | Reached skill level 8 in Short Blades
  3581 | D:5      | Gained mutation: You have razor-sharp teeth. [Vine Stalker
                  | growth]
  3581 | D:5      | Reached XP level 8. HP: 38/38 MP: 9/9
  3674 | D:5      | Found a glowing drain.
  3691 | Sewer    | Entered a sewer
  4121 | D:5      | Reached skill level 9 in Short Blades
  4564 | D:6      | Found a glowing silver altar of Zin.
  4849 | D:6      | Reached skill level 10 in Short Blades
  5494 | D:7      | Found an opulent altar of Gozag.
  5582 | D:7      | Reached skill level 1 in Dodging
  5746 | D:7      | Reached skill level 5 in Stealth
  5841 | D:7      | Reached skill level 1 in Invocations
  5841 | D:7      | Reached XP level 9. HP: 42/42 MP: 9/11
  5959 | D:7      | Found a flagged portal.
  5972 | Bailey   | Entered a bailey
  6779 | Bailey   | Identified the +9 halberd "Umiw" {elec, Contam rPois Dex+2}
  6791 | Bailey   | HP: 1/44 [gnoll sergeant/the +9 halberd "Umiw" {elec,
                  | Contam rPois Dex+2} (11)]
  6793 | Bailey   | Demolished by a gnoll sergeant

Illustrated notes

Levels and vault maps discovered:
D:1:      dpeg_arrival_tiny_i, layout_rooms, minmay_misc_feat_encased,
          minmay_pentomino_s2
D:2:      kennysheep_the_goblin_king, layout_basic,
          shapermc_ecumenical_altar_venn, minmay_goblin_outpost
D:3:      layout_rooms
D:4:      layout_rooms, uniq_crazy_yiuf_cottage
D:5:      layout_basic, portal_sewer_entry_b
D:6:      layout_cave_pods, mainiacjoe_overflow_paths, minmay_misc_feat_five
D:7:      layout_basic, mainiacjoe_overflow_tiny_flanked,
          minmay_temple_entry_proselytizer, enter_bailey_3,
          hellmonk_guarded_unrand_frostbite, uniq_pikel
Bailey:   bailey_polearm_gnolls_kennysheep, bailey

Skill      XL: |  1  2  3  4  5  6  7  8  9 |
---------------+----------------------------+-----
Short Blades   | 2 3 4 5 6 8 10 | 10.0
Dodging        | 1 4 |  4.3
Stealth        | 5 6 |  6.2
Fighting       | 2 3 |  3.6
Invocations    | 1 3 |  3.8
Throwing       | |  1.7

Action                     |  1- 3 |  4- 6 |  7- 9 || total
---------------------------+-------+-------+-------++-------
  Melee: Dagger            |    95 |    99 |   437 ||   631
         Bite              |    19 |    29 |   173 ||   221
         Unarmed           |    23 |       |       ||    23
         Punch             |       |     2 |     9 ||    11
  Throw: Dart              |       |       |    12 ||    12
    Use: Scroll            |       |    13 |     7 ||    20
   Stab: Sleeping          |    12 |     7 |     8 ||    27
         Distracted        |       |     1 |     1 ||     2
 Armour: Robe              |    12 |       |       ||    12
         Skin              |     9 |       |       ||     9
         Ring mail         |     8 |    32 |   139 ||   179
  Dodge: Dodged            |    61 |    33 |   248 ||   342

Table legend: (Time is in decaauts)
 A = Elapsed time spent in this place.
 B = Non-inter-level travel time spent in this place.
 C = Inter-level travel time spent in this place.
 D = Time resting spent in this place.
 E = Time spent auto-exploring this place.
 F = Levels seen in this place.
 G = Mean time per level.
                   A        B        C        D        E       F      G
               +--------+--------+--------+--------+--------+-----+--------+
         Total |   6630 |   6290 |    340 |    284 |   3994 |   9 |  736.7 |
       Dungeon |   5422 |   5082 |    340 |    284 |   3678 |   7 |  774.6 |
         Sewer |    485 |    485 |      0 |      0 |    195 |   1 |  485.0 |
        Bailey |    722 |    722 |      0 |      0 |    121 |   1 |  722.0 |
               +--------+--------+--------+--------+--------+-----+--------+

Top non-repeatable levels by time:
     D:2: 1255 daAuts
     D:6: 1010 daAuts
     D:5: 799 daAuts
  Bailey: 722 daAuts
     D:1: 663 daAuts
     D:4: 653 daAuts
     D:3: 528 daAuts
     D:7: 512 daAuts
   Sewer: 485 daAuts
